 Dungeon Sprint DCSS version 0.29.1-12-g30fa7ad0bf (webtiles) character file.

Game seed: 10194066522530808444

203 boopmooplesden the Fighter (level 5, -4/85 HPs)
             Began as a Minotaur Berserker on Dec 15, 2022.
             Was an Elder of Trog.
             Succumbed to an emperor scorpion's poison
             ... in the Dungeon (Sprint VII: "The Pits").
             The game lasted 00:01:13 (841 turns).

boopmooplesden the Fighter (Minotaur Berserker)      Turns: 841, Time: 00:01:14

Health: -4/85      AC: 14    Str: 24    XL:     5   Next: 51%
Magic:  4/4        EV:  8    Int:  4    God:    Trog [****..]
Gold:   0          SH:  0    Dex:  9    Spells: 4/4 levels left

rFire   . . .      SeeInvis .   m - +1 trident (vorpal)
rCold   . . .      Faith    .   (no shield)
rNeg    . . .      Spirit   .   l - +2 plate armour
rPois   .          Reflect  .   (helmet restricted)
rElec   .          Harm     .   (no cloak)
rCorr   .          Rampage  .   (no gloves)
Will    .....      NoTele   +   (no boots)
Stlth   ..........              (no amulet)
HPRegen 0.24/turn               (no ring)
MPRegen 0.09/turn               (no ring)

@: berserking (expiring), lethally poisoned (-4 -> -37), very quick
A: horns 2, retaliatory headbutt
a: Renounce Religion, Berserk, Trog's Hand, Brothers in Arms


You were in the Dungeon.
You worshipped Trog.
Trog was greatly pleased with you.
You visited 1 branch

Inventory:

Hand Weapons
 a - a +0 spear
 i - a +2 trident
 m - a +1 vorpal trident (weapon)
Armour
 b - a +0 animal skin
 l - a +2 plate armour (worn)
Scrolls
 h - a scroll of blinking
 k - a scroll of summoning
Potions
 c - 6 potions of curing
 d - 6 potions of heal wounds
 e - a potion of haste
 f - 4 potions of magic
 g - 3 potions of berserk rage
 j - 2 potions of invisibility


   Skills:
 + Level 9.3 Fighting
 + Level 8.9 Polearms
 + Level 4.5 Armour
 + Level 5.3 Dodging
 + Level 1.5 Stealth


You had 4 spell levels left.
You didn't know any spells.
Your spell library was empty.

Dungeon Overview and Level Annotations

Branches:
Dungeon (1/1)

Altars:
Cheibriados
Dithmenos
Elyvilon
Fedhas
Gozag
Hepliaklqana
Makhleb
Nemelex Xobeh
Okawaru
Qazlal
Ru
Sif Muna
Trog
Wu Jian
Xom
Yredelemnul
Zin
The Shining One
Jiyva


Innate Abilities, Weirdness & Mutations

You have a pair of horns on your head.
You reflexively headbutt those who attack you in melee.


Message History

The emperor scorpion is lightly wounded.
The emperor scorpion stings you!!
* * * LOW HITPOINT WARNING * * *
The emperor scorpion claws you but does no damage. x2
You barely miss the emperor scorpion. You headbutt the emperor scorpion.
The emperor scorpion is lightly wounded.
You impale the emperor scorpion!!
The emperor scorpion is moderately wounded.
The emperor scorpion barely misses you. You furiously retaliate!
You headbutt the emperor scorpion, but do no damage.
The emperor scorpion claws you but does no damage. x2
You barely miss the emperor scorpion.
The emperor scorpion is moderately wounded.
The emperor scorpion barely misses you. You furiously retaliate!
You headbutt the emperor scorpion, but do no damage.
The emperor scorpion claws you.
* * * LOW HITPOINT WARNING * * *
The emperor scorpion claws you but does no damage.
You barely miss the emperor scorpion.
The emperor scorpion is moderately wounded.
You hit the emperor scorpion but do no damage.
The emperor scorpion is moderately wounded.
The emperor scorpion stings you but does no damage.
The emperor scorpion claws you.
* * * LOW HITPOINT WARNING * * *
The emperor scorpion claws you.
* * * LOW HITPOINT WARNING * * *
You puncture the emperor scorpion!
You headbutt the emperor scorpion, but do no damage.
The emperor scorpion is moderately wounded.
You barely miss the emperor scorpion.
The emperor scorpion is moderately wounded.
The emperor scorpion stings you.
* * * LOW HITPOINT WARNING * * *
You are lethally poisoned!
The emperor scorpion poisons you! The emperor scorpion barely misses you.
The emperor scorpion claws you but does no damage.
You puncture the emperor scorpion!
The emperor scorpion is heavily wounded.
You die...

#.#........##.......#
#†###########.......#
#)).....# #########
#.†.#...# #...#...#
#.##.##.#+#
#...#...#.+
#...#...#s#
#.......'@#
###########


You could see an emperor scorpion.

Vanquished Creatures
  A centaur (D)
  A bullfrog (D)
  Ijyb (D)
  2 gnolls (D)
  An ufetubus (D)
  A worm (D)
  A bat (D)
  2 giant cockroaches (D)
  A goblin (D)
  A hobgoblin (D)
  A jackal (D)
  A ball python skeleton (D)
  A frilled lizard (D)
  A rat (D)
16 creatures vanquished.

Notes
Turn   | Place    | Note
-------+----------+-------------------------------------------
     0 | D        | boopmooplesden the Minotaur Berserker began the quest for
                  | the Orb.
     0 | D        | Reached XP level 1. HP: 19/19 MP: 0/0
    38 | D        | Found a bloodstained altar of Trog.
    38 | D        | Found a shimmering blue altar of Sif Muna.
    38 | D        | Found a viscous altar of Jiyva.
    38 | D        | Found a hazy altar of Hepliaklqana.
    38 | D        | Found an opulent altar of Gozag.
    39 | D        | Found a glowing golden altar of the Shining One.
    39 | D        | Found a glowing silver altar of Zin.
    39 | D        | Found a basalt altar of Yredelemnul.
    39 | D        | Found a shimmering altar of Xom.
    39 | D        | Found an ornate altar of the Wu Jian Council.
    39 | D        | Found a sacrificial altar of Ru.
    39 | D        | Found a stormy altar of Qazlal.
    39 | D        | Found an iron altar of Okawaru.
    39 | D        | Found a sparkling altar of Nemelex Xobeh.
    39 | D        | Found a burning altar of Makhleb.
    39 | D        | Found a blossoming altar of Fedhas.
    39 | D        | Found a white marble altar of Elyvilon.
    39 | D        | Found a shadowy altar of Dithmenos.
    39 | D        | Found a snail-covered altar of Cheibriados.
    51 | D        | Reached ** piety under Trog
    52 | D        | Reached skill level 4 in Fighting
    65 | D        | Reached XP level 2. HP: 8/28 MP: 1/1
   386 | D        | Noticed a centaur
   390 | D        | Reached skill level 5 in Fighting
   391 | D        | Reached *** piety under Trog
   395 | D        | Killed a centaur
   396 | D        | Reached skill level 7 in Fighting
   396 | D        | Reached skill level 1 in Stealth
   396 | D        | Reached XP level 3. HP: 3/39 MP: 2/2
   396 | D        | Reached XP level 4. HP: 4/47 MP: 3/3
   689 | D        | Noticed Ijyb
   690 | D        | Noticed a bullfrog
   700 | D        | Killed a bullfrog
   700 | D        | Reached **** piety under Trog
   701 | D        | Reached skill level 8 in Fighting
   701 | D        | Reached XP level 5. HP: 56/56 MP: 4/4
   703 | D        | Killed Ijyb
   704 | D        | Reached skill level 5 in Dodging
   705 | D        | Reached skill level 9 in Fighting
   824 | D        | Noticed an emperor scorpion
   840 | D        | HP: 1/85 [emperor scorpion (6)]
   841 | D        | Succumbed to an emperor scorpion's poison

Illustrated notes

Levels and vault maps discovered:
D:        pitsprint [storerooms_1, entrance_room_1, metal_vault_8, armoury_1,
          mini_pit_1, grid_room_1, main_hall_1, silver_pit, the_coven_3,
          the_vestibule_1, steel_vault_5, golden_pit, hallway_of_sentries,
          crystal_vault_1, iron_vault_3, final_vault]

Skill      XL: |  1  2  3  4  5 |
---------------+----------------+-----
Polearms       | 4 7 8 |  8.9
Fighting       | 4 7 8 9 |  9.3
Dodging        | 3 4 5 |  5.3
Armour         | 3 4 |  4.5
Stealth        | 1 |  1.5

Action                   |  1- 3 |  4- 6 || total
-------------------------+-------+-------++-------
Melee: Trident           |    18 |    31 ||    49
       Headbutt          |     2 |     5 ||     7
       Spear             |     1 |       ||     1
Invok: Berserk           |       |     2 ||     2
 Stab: Sleeping          |     1 |       ||     1
Armor: Animal skin       |     6 |       ||     6
       Plate armour      |       |    26 ||    26
Dodge: Dodged            |    31 |    14 ||    45
